 Dungeon Crawl Stone Soup version 0.29-a0-821-g6639535 (webtiles) character file.

Game seed: 15049822945920090171

30506 PurpleRed the Eclecticist (level 13, -1/66 HPs)
             Began as a Deep Elf Brigand on July 6, 2022.
             Was a High Priest of Vehumet.
             Slain by a six-headed hydra (5 damage)
             ... on level 5 of the Lair of Beasts on July 7, 2022.
             The game lasted 01:38:59 (6696 turns).

PurpleRed the Eclecticist (Deep Elf Brigand)        Turns: 6696, Time: 01:39:00

Health: -1/66      AC:  8    Str: 12    XL:     13   Next: 20%
Magic:  32/37      EV: 14    Int: 34    God:    Vehumet [*****.]
Gold:   492        SH:  0    Dex: 16    Spells: 14/48 levels left

rFire   . . .      SeeInvis .   R - +8 whip "Snakebite" {venom, curare, rPois}
rCold   . . .      Faith    .   (no shield)
rNeg    . . .      Spirit   .   U - +1 leather armour "Tuwafufeq" {+Inv Will+ Str+2}
rPois   +          Reflect  .   M - +0 helmet
rElec   +          Harm     .   c - +0 cloak
rCorr   .          Rampage  .   l - +1 pair of gloves
Will    ++...                   (no boots)
Stlth   +++.......              g - amulet of magic regeneration
HPRegen 0.21/turn               Y - ring "Xesuos" {rElec Str+2 Int+6}
MPRegen 0.65/turn               b - +6 ring of intelligence

@: no status effects
A: no striking features
a: Renounce Religion, Evoke Invisibility


You were on level 5 of the Lair of Beasts.
You worshipped Vehumet.
Vehumet was extremely pleased with you.
You visited 3 branches of the dungeon, and saw 17 of its levels.
You also visited: Gauntlet.

You collected 522 gold pieces.
You spent 30 gold pieces at shops.

Inventory:

Hand Weapons
 u - a +6 short sword
 v - the +8 frozen axe "Frostbite" {freezing cloud, *Noise Fly rC+}
   (You found it on level 3 of the Lair of Beasts)

   It freezes those it strikes, dealing additional cold damage.
   It can also slow down cold-blooded creatures.
   It occasionally leaves clouds of freezing vapour upon striking a foe.
   It grants immunity to clouds of freezing vapour.
   rC:        It protects you from cold.
   Fly:       It grants you flight.
   *Noise:    It may make noises in combat.
 R - the +8 whip "Snakebite" (weapon) {venom, curare, rPois}
   (You found it on level 4 of the Lair of Beasts)

   It poisons the flesh of those it strikes.
   It occasionally inflicts asphyxiating poison on those it strikes, dealing
   poison damage and causing slowness.
   rPois:     It protects you from poison.
 Z - a +2 longbow of freezing
Missiles
 j - 6 curare-tipped darts (quivered)
 q - 9 poisoned darts
 t - a throwing net
 C - 6 javelins
Armour
 c - a +0 cloak (worn)
 l - a +1 pair of gloves (worn)
 G - a +3 leather armour
 K - an orb of mayhem
 L - an orb of light
 M - a +0 helmet (worn)
 P - +0 steam dragon scales
 U - the +1 leather armour "Tuwafufeq" (worn) {+Inv Will+ Str+2}
   (You found it on level 5 of the Lair of Beasts)

   Str:       It affects your strength (+2).
   +Inv:      It lets you turn invisible.
   Will:      It increases your willpower.
 X - a +0 pair of gloves of strength
Magical Staves
 y - a staff of poison
 A - a staff of cold
Jewellery
 b - a +6 ring of intelligence (right hand)
 g - an amulet of magic regeneration (around neck)
 w - a ring of protection from cold
 x - a +6 ring of dexterity
 N - an amulet of reflection
 O - an amulet of reflection
 W - the ring "Dalehyib" {Fly rN+}
   (You found it in a Gauntlet)

   [ring of flight]

   rN:        It protects you from negative energy.
   Fly:       It grants you flight.
 Y - the ring "Xesuos" (left hand) {rElec Str+2 Int+6}
   (You took it off a minotaur in a Gauntlet)

   [ring of intelligence]

   Str:       It affects your strength (+2).
   Int:       It affects your intelligence (+6).
   rElec:     It insulates you from electricity.
Wands
 a - a wand of flame (15)
 d - a wand of light (8)
 e - a wand of iceblast (10)
 H - a wand of charming (22)
 J - a wand of polymorph (3)
 S - a wand of mindburst (7)
Scrolls
 f - a scroll of amnesia
 F - a scroll of immolation
 I - 3 scrolls of fog
 Q - a scroll of enchant armour
Potions
 h - 3 potions of haste
 i - a potion of invisibility
 k - 3 potions of curing
 n - 2 potions of berserk rage
 p - 3 potions of lignification
 r - 3 potions of heal wounds
 s - 2 potions of mutation {unknown}
 z - 2 potions of magic
 B - 2 potions of resistance
 D - a potion of cancellation {unknown}
 E - 2 potions of flight {unknown}
 T - a potion of might


   Skills:
 - Level 2.0 Fighting
 - Level 2.0 Short Blades
 - Level 2.0 Throwing
 - Level 6.0 Dodging
 - Level 4.8 Stealth
 + Level 18.0 Spellcasting
 + Level 14.2 Conjurations
 + Level 9.1 Fire Magic
 - Level 7.0 Air Magic


You had 14 spell levels left.
You knew the following spells:

 Your Spells              Type           Power      Damage    Failure   Level
a - Scorch                Fire           100%       2d10      1%          2
b - Flame Wave            Conj/Fire      83%        2d14      1%          4
c - Lightning Bolt        Conj/Air       40%        1d59      1%          5
d - Summon Lightning Spi  Summ/Air       53%        N/A       3%          4
e - Airstrike             Air            33%        0-11+     1%          4
f - Fireball              Conj/Fire      41%        3d17      1%          5
g - Dazzling Flash        Conj/Hex       100%       N/A       1%          3
h - Orb of Destruction    Conj           45%        9d12      1%          7

Your spell library contained the following spells:

 Spells                   Type           Power      Damage    Failure   Level
 Freezing Cloud           Conj/Ice/Air   34%        6-21      1%          5
 Iskenderun's Battlesphe  Conj           91%        2d14      1%          5
 Conjure Ball Lightning   Conj/Air       40%        3x3d13    1%          6
 Ensorcelled Hibernation  Hex/Ice        60%        N/A       2%          2
 Sublimation of Blood     Necr           30%        N/A       2%          2
 Wereblood                Tmut           30%        N/A       2%          2
 Confusing Touch          Hex            30%        N/A       4%          3
 Spider Form              Tmut/Pois      30%        N/A       4%          3
 Yara's Violent Unravell  Hex/Tmut       15%        3d8       11%         5
 Anguish                  Hex/Necr       15%        N/A       14%         4
 Summon Cactus Giant      Summ           15%        N/A       92%         6
 Enfeeble                 Hex            15%        N/A       100%        7
 Summon Hydra             Summ           15%        N/A       100%        7


Dungeon Overview and Level Annotations

Branches:
Dungeon (10/15)            Temple (1/1) D:5            Lair (6/6) D:9
 Shoals (0/4) Lair:2        Snake (0/4) Lair:3          Orc (0/2) D:9
Gauntlet (visited)
  Slime: Lair:5-6

Altars:
Ashenzari
Cheibriados
Dithmenos
Elyvilon
Fedhas
Gozag
Hepliaklqana
Kikubaaqudgha
Makhleb
Nemelex Xobeh
Okawaru
Qazlal
Sif Muna
Uskayaw
Vehumet
Wu Jian
Yredelemnul
Zin
The Shining One

Shops:
D:9 ([*(

Annotations:
D:4 1 runed translucent door, brinewave's ghost, amateur NaGl
Lair:1 Erica
Lair:6 exclusion: oklob plant


Message History

Press: ? - help, v - describe, . - travel
Here: a six-headed hydra The floor.
Press: ? - help, v - describe, . - travel
Here: a six-headed hydra The floor.
Okay, then.
Okay, then.
Okay, then.
Casting: Lightning Bolt (safe; 1% risk of failure)
Confirm with . or Enter, or press ? or * to list all spells.
Okay, then.
Casting: Lightning Bolt (safe; 1% risk of failure)
Confirm with . or Enter, or press ? or * to list all spells.
Okay, then.
Unknown command.
Casting: Lightning Bolt (safe; 1% risk of failure)
Confirm with . or Enter, or press ? or * to list all spells.
Aiming: Lightning Bolt (safe; 1% risk of failure)
Press: ? - help, Shift-Dir - straight line
Okay, then.
Press: ? - help, v - describe, . - travel
Here: a six-headed hydra The floor.
Casting: Lightning Bolt (safe; 1% risk of failure)
Confirm with . or Enter, or press ? or * to list all spells.
Aiming: Lightning Bolt (safe; 1% risk of failure)
Press: ? - help, Shift-Dir - straight line You hear a mighty clap of thunder!
The bolt of lightning misses the six-headed hydra.
You hear a loud, deep croak!
The six-headed hydra bites you but does no damage.
The six-headed hydra barely misses you.
The six-headed hydra closely misses you.
The six-headed hydra bites you!
* * * LOW HITPOINT WARNING * * *
The six-headed hydra bites you!
* * * LOW HITPOINT WARNING * * *
The six-headed hydra bites you.
You die...

..............# ##.............
..........##### ##P.............
........####### #.....#.........
.......###.....###....##.........
......## ...#...##...#..........
......# #.....#...##..........
......# ##....#...##..........
......# #....D...###..........
......## ##.#.@.####...........
.....†.#### ##.####............
..........#########..............
.........†..†...................#
.........†...#.................##
.............###..............##
............###.##...........##
..............## ##...........#
.............## ###.......#..#


You could see a six-headed hydra.

Vanquished Creatures
  Rupert (Lair:5)
  A minotaur (Gauntlet)
  2 hydras
  2 death yaks (Lair:2)
  A two-headed ogre (D:8)
  A catoblepas (Lair:5)
  A guardian serpent (Lair:3)
  5 black mambas
  A torpor snail (Lair:2)
  5 elephants
  9 cane toads
  3 komodo dragons
  5 rime drakes
  2 burning bushes (Lair:4)
  A hornet (D:9)
  6 blink frogs
  34 yaks
  2 wyverns
  A basilisk (Lair:5)
  A chaos spawn (Gauntlet)
  A neqoxec (Gauntlet)
  3 steam dragons
  An acid dragon (D:9)
  11 water moccasins
  An orc warrior (D:8)
  An ice beast (D:7)
  3 black bears
  14 wolves
  4 centaurs
  7 bullfrogs
  A gnoll sergeant (D:9)
  2 scorpions
  12 killer bees
  3 howler monkeys (D:7)
  An electric eel (Lair:2)
  2 crimson imps (Gauntlet)
  A hound (D:4)
  2 jellies
  2 gnoll boudas (D:7)
  5 iguanas
  Ijyb (D:3)
  7 orc wizards
  14 gnolls
  11 adders
  3 white imps
  An ufetubus (D:6)
  3 worms
  A dart slug (D:1)
  13 orcs
  6 ball pythons
  4 bats
  2 endoplasms (D:1)
  2 giant cockroaches (D:1)
  5 hobgoblins
  5 kobolds
  4 quokkas
  3 frilled lizards
  4 goblins
  3 rats
253 creatures vanquished.

Vanquished Creatures (collateral kills)
  An elephant (Lair:5)
  A black mamba (Lair:4)
  3 cane toads
  2 komodo dragons
  6 yaks
  A basilisk (Lair:1)
  A water moccasin (Lair:1)
  2 wolves
  2 bullfrogs
19 creatures vanquished.

Vanquished Creatures (others)
  A yak (Lair:1)
  An orc wizard (D:9)
  A bush (D:6)
  14 fungi
  14 plants
31 creatures vanquished.

Grand Total: 303 creatures vanquished

Notes
Turn   | Place    | Note
-------+----------+-------------------------------------------
     0 | D:1      | PurpleRed the Deep Elf Brigand began the quest for the Orb.
     0 | D:1      | Reached XP level 1. HP: 12/12 MP: 3/3
    44 | D:1      | Reached skill level 1 in Spellcasting
   133 | D:1      | Reached XP level 2. HP: 7/17 MP: 4/6
   216 | D:1      | Reached skill level 2 in Spellcasting
   380 | D:2      | Reached skill level 3 in Spellcasting
   419 | D:2      | Reached XP level 3. HP: 13/21 MP: 9/9
   620 | D:3      | Noticed Ijyb
   638 | D:3      | Killed Ijyb
   639 | D:3      | Reached skill level 4 in Spellcasting
   769 | D:2      | Reached XP level 4. HP: 26/26 MP: 10/12
   799 | D:2      | Learned a level 2 spell: Scorch
   946 | D:2      | Reached skill level 1 in Fire Magic
  1084 | D:4      | You fall into a shaft and drop 3 floors!
  1098 | D:8      | Noticed a steam dragon
  1112 | D:8      | Noticed a two-headed ogre
  1169 | D:7      | Found a broken altar of Ashenzari.
  1170 | D:7      | Noticed a kobold brigand
  1280 | D:6      | Noticed a black bear
  1287 | D:6      | Killed a black bear
  1288 | D:6      | Reached skill level 5 in Spellcasting
  1288 | D:6      | Reached XP level 5. HP: 30/30 MP: 12/14
  1314 | D:7      | Noticed a centaur
  1322 | D:7      | Killed a centaur
  1359 | D:5      | Entered Level 5 of the Dungeon
  1383 | D:4      | Reached XP level 6. HP: 29/35 MP: 16/16
  1507 | D:4      | Found a runed translucent door.
  1510 | D:4      | Noticed brinewave's ghost (amateur NaGl)
  1555 | D:5      | Reached skill level 6 in Spellcasting
  1689 | D:5      | Reached skill level 5 in Fire Magic
  1709 | D:5      | Reached skill level 7 in Spellcasting
  1709 | D:5      | Reached XP level 7. HP: 11/40 MP: 17/19
  1778 | D:5      | Learned a level 4 spell: Flame Wave
  1871 | D:5      | Found a glowing golden altar of the Shining One.
  2106 | D:5      | Found a staircase to the Ecumenical Temple.
  2114 | Temple   | Entered the Ecumenical Temple
  2125 | Temple   | Became a worshipper of Vehumet
  2314 | D:6      | Reached skill level 1 in Conjurations
  2495 | D:7      | Reached skill level 8 in Spellcasting
  2511 | D:7      | Reached XP level 8. HP: 27/44 MP: 2/22
  2547 | D:7      | Found a white marble altar of Elyvilon.
  2673 | D:7      | Reached * piety under Vehumet
  2673 | D:7      | Offered knowledge of Magic Dart by Vehumet.
  2692 | D:7      | Reached skill level 9 in Spellcasting
  2734 | D:8      | Reached skill level 5 in Conjurations
  2829 | D:9      | Learned a level 5 spell: Lightning Bolt
  2945 | D:8      | Killed a two-headed ogre
  2946 | D:8      | Reached skill level 10 in Spellcasting
  2946 | D:8      | Reached XP level 9. HP: 39/48 MP: 21/25
  3119 | D:9      | Found a sparkling altar of Nemelex Xobeh.
  3137 | D:9      | Found a staircase to the Orcish Mines.
  3149 | D:10     | Entered Level 10 of the Dungeon
  3151 | D:10     | Noticed a gargoyle
  3233 | D:8      | Reached skill level 11 in Spellcasting
  3447 | D:9      | Offered knowledge of Freeze by Vehumet.
  3448 | D:9      | Reached ** piety under Vehumet
  3478 | D:9      | Found Luawn's Assorted Antiques.
  3486 | D:9      | Bought a scroll labelled PIONOUW CAREYS for 30 gold pieces
  3518 | D:9      | Found Wiufut's Armour Shop.
  3602 | D:9      | Found a staircase to the Lair.
  3615 | D:9      | Found Falemuot's Antique Weapon Shop.
  3703 | D:9      | Found Atofic's Armour Shop.
  3724 | D:9      | Learned a level 4 spell: Summon Lightning Spire
  3771 | D:9      | Found Nur Wudy's Antique Weapon Shoppe.
  3780 | D:9      | Reached skill level 5 in Air Magic
  3784 | D:9      | Reached skill level 12 in Spellcasting
  3937 | Lair:1   | Entered Level 1 of the Lair of Beasts
  3966 | Lair:1   | Reached XP level 10. HP: 46/53 MP: 28/28
  4010 | Lair:1   | Noticed a cane toad
  4015 | Lair:1   | Killed a cane toad
  4025 | Lair:1   | Reached skill level 13 in Spellcasting
  4044 | Lair:1   | Noticed a five-headed hydra
  4048 | Lair:1   | Noticed Erica
  4070 | Lair:1   | Learned a level 4 spell: Airstrike
  4102 | Lair:1   | Noticed a cane toad
  4105 | Lair:1   | Killed a cane toad
  4108 | Lair:1   | Reached skill level 10 in Conjurations
  4112 | Lair:1   | Offered knowledge of Stone Arrow by Vehumet.
  4185 | Lair:2   | Reached skill level 14 in Spellcasting
  4198 | Lair:2   | Noticed a cane toad
  4203 | Lair:2   | Killed a cane toad
  4242 | Lair:2   | Noticed a cane toad
  4250 | Lair:2   | Killed a cane toad
  4251 | Lair:2   | Reached XP level 11. HP: 36/57 MP: 21/31
  4425 | Lair:4   | Reached *** piety under Vehumet
  4518 | Lair:4   | Found the +8 whip "Snakebite" {venom, curare, rPois}
  4677 | Lair:4   | Reached skill level 5 in Dodging
  4825 | Lair:4   | Found a gate leading to a gauntlet.
  4834 | Gauntlet | Entered a Gauntlet
  4834 | Gauntlet | Found a transporter.
  4838 | Gauntlet | Found a transporter.
  4841 | Gauntlet | Found a transporter.
  4853 | Gauntlet | Found a transporter.
  4857 | Gauntlet | Found a transporter.
  4858 | Gauntlet | Noticed a catoblepas
  4861 | Gauntlet | Found a transporter.
  4865 | Gauntlet | Found a transporter.
  4869 | Gauntlet | Noticed a hell beast
  4871 | Gauntlet | Found a runed translucent gate.
  4873 | Gauntlet | Found a transporter.
  4874 | Gauntlet | Found a runed translucent gate.
  4875 | Gauntlet | Found a runed translucent gate.
  4877 | Gauntlet | Found a transporter.
  4881 | Gauntlet | Found a runed translucent door.
  4883 | Gauntlet | Found a runed translucent door.
  4884 | Gauntlet | Noticed a dire elephant
  4885 | Gauntlet | Found a transporter.
  4906 | Gauntlet | Found a transporter.
  4918 | Gauntlet | Found a transporter.
  4930 | Gauntlet | Found a transporter.
  4942 | Gauntlet | Found a transporter.
  4972 | Gauntlet | Offered knowledge of Dazzling Flash by Vehumet.
  5000 | Gauntlet | Learned a level 3 spell: Dazzling Flash
  5066 | Gauntlet | Identified the ring "Dalehyib" {Fly rN+}
  5098 | Gauntlet | Identified the ring "Xesuos" {rElec Str+2 Int+6}
  5098 | Gauntlet | Noticed a minotaur
  5128 | Gauntlet | Killed a minotaur
  5129 | Gauntlet | Reached skill level 15 in Spellcasting
  5163 | Gauntlet | Learned a level 5 spell: Fireball
  5164 | Gauntlet | Upgraded the game from 0.29-a0-819-g94b489e to
                  | 0.29-a0-821-g6639535
  5183 | Lair:4   | Learned a level 7 spell: Orb of Destruction
  5300 | Lair:2   | Found a staircase to the Shoals.
  5314 | Lair:2   | Noticed a death yak
  5315 | Lair:2   | Noticed a death yak
  5349 | Lair:2   | Killed a death yak
  5353 | Lair:2   | Killed a death yak
  5409 | Lair:2   | Reached XP level 12. HP: 62/62 MP: 22/33
  5483 | Lair:3   | Reached skill level 16 in Spellcasting
  5538 | Lair:3   | Reached **** piety under Vehumet
  5730 | Lair:1   | Offered knowledge of Freezing Cloud by Vehumet.
  5800 | Lair:3   | Found a staircase to the Snake Pit.
  5801 | Lair:3   | Found the +8 frozen axe "Frostbite" {freezing cloud, *Noise
                  | Fly rC+}
  5895 | Lair:5   | Noticed Rupert
  5951 | Lair:6   | Entered Level 6 of the Lair of Beasts
  6038 | Lair:6   | Noticed a five-headed hydra
  6043 | Lair:6   | Killed a five-headed hydra
  6044 | Lair:6   | Reached skill level 17 in Spellcasting
  6045 | Lair:6   | Noticed a five-headed hydra
  6083 | Lair:5   | Killed Rupert
  6158 | Lair:5   | Identified the +0 ring mail "Kiboump" {Str+3 Dex+2 Slay-6}
  6206 | Lair:5   | Noticed a five-headed hydra
  6210 | Lair:5   | Killed a five-headed hydra
  6213 | Lair:5   | Noticed a catoblepas
  6220 | Lair:5   | Killed a catoblepas
  6295 | Lair:5   | Reached XP level 13. HP: 66/66 MP: 30/36
  6325 | Lair:5   | Identified the +1 leather armour "Tuwafufeq" {+Inv Will+
                  | Str+2}
  6588 | Lair:6   | Reached skill level 18 in Spellcasting
  6593 | Lair:6   | Reached ***** piety under Vehumet
  6595 | Lair:6   | HP: 2/66 [five-headed hydra (7)]
  6696 | Lair:5   | Slain by a six-headed hydra

Illustrated notes

Levels and vault maps discovered:
D:1:      minmay_arrival_semitransparent, layout_basic, minivault_23,
          nicolae_wormholes
D:2:      layout_rooms, chequers_ecumenical_altar_simple, uniq_jessica
D:3:      layout_basic, nicolae_overflow_crystal_walls, uniq_ijyb, uniq_sigmund
D:4:      layout_loops_corners, ebering_ghost_reflecting_pool
D:5:      layout_loops_ring, nicolae_tso_carved_into_rock,
          minmay_temple_entry_glassed_door, serial_glass, glass_columns_a,
          glass_columns_b, minmay_misc_feat_secret_circle, corexii_corridor_pit
D:6:      layout_rooms, kb_lookout_dungeons_type
D:7:      layout_loops_ring, nicolae_elyvilon_peaceful_grove,
          mainiacjoe_overflow_large_starburst
D:8:      layout_basic, trog_butcher_becter, enter_bailey_4,
          grunt_ministairs_10, uniq_prince_ribbit1
D:9:      layout_basic, general_overflow_altar, lair_entry_dummy, orc_0_dummy,
          serial_shops, nicolae_shop_statue_plus, kennysheep_mini, shop,
          shop_statue, nicolae_shop_waterfront
D:10:     layout_loops_corners
Temple:   hellmonk_temple_two_chambers
Lair:1:   layout_regular_city, chequers_serial_rivers_large_a, uniq_erica
Lair:2:   layout_gridlike, shoals_dummy_entry, serial_bayou_crossing
Lair:3:   layout_roguey, minmay_snake_entry_spellcaster
Lair:4:   minmay_guarded_unrand_snakebite, layout_cave_pods,
          gauntlet_entry_generic, evilmike_ambush [evilmike_ambush_outer_basic,
          evilmike_ambush_inner_pond], grunt_megastairs_4
Lair:5:   layout_hall_layers, nicolae_volcano_entry_s_turn, uniq_rupert
Lair:6:   due_jungle_book, layout_cave_shapes,
          minmay_slime_entry_oklob_enclosed,
          portal_ice_cave_entry_ice_simulacra, nicolae_quartered_pool_super,
          grunt_megastairs_5

Skill      XL: |  1  2  3  4  5  6  7  8  9 10 11 12 13 |
---------------+----------------------------------------+-----
Spellcasting   | 1 3 4 5 7 8 10 12 14 15 17 18 | 18.0
Fighting       | 2 |  2.0
Fire Magic     | 2 3 5 6 8 9 |  9.1
Conjurations   | 3 6 8 10 12 13 14 | 14.2
Air Magic      | 2 5 7 |  7.0
Dodging        | 3 6 |  6.0
Short Blades   | |  2.0
Throwing       | |  2.0
Stealth        | |  4.8

Action                   |  1- 3 |  4- 6 |  7- 9 | 10-12 | 13-15 || total
-------------------------+-------+-------+-------+-------+-------++-------
Melee: Dagger            |    63 |    35 |       |       |       ||    98
       Short sword       |       |    11 |    11 |     5 |       ||    27
       Whip              |       |       |       |    18 |     2 ||    20
Throw: Dart              |    46 |    26 |    27 |     1 |       ||   100
       Throwing net      |       |       |     1 |       |       ||     1
       Stone             |       |       |     1 |       |       ||     1
 Cast: Scorch            |       |    26 |   123 |    66 |    10 ||   225
       Flame Wave        |       |       |     5 |       |       ||     5
       Lightning Bolt    |       |       |     3 |    47 |     8 ||    58
       Summon Lightning  |       |       |     1 |    18 |     1 ||    20
       Airstrike         |       |       |       |    45 |       ||    45
       Fireball          |       |       |       |    29 |    15 ||    44
       Orb of Destructio |       |       |       |     5 |       ||     5
       Dazzling Flash    |       |       |       |     1 |     1 ||     2
Evoke: Wand              |       |       |       |    13 |       ||    13
  Use: Scroll            |     4 |     2 |    13 |    12 |     3 ||    34
       Potion            |       |       |     1 |     5 |     1 ||     7
 Stab: Sleeping          |     6 |     1 |     1 |       |       ||     8
Armor: Robe              |     7 |       |       |       |       ||     7
       Ring mail         |     4 |     4 |       |       |       ||     8
       Leather armour    |       |    17 |    29 |    44 |    12 ||   102
Dodge: Dodged            |    22 |    30 |    35 |    52 |    25 ||   164
Block: Buckler           |     2 |     9 |    10 |       |       ||    21

Table legend: (Time is in decaauts)
 A = Elapsed time spent in this place.
 B = Non-inter-level travel time spent in this place.
 C = Inter-level travel time spent in this place.
 D = Time resting spent in this place.
 E = Time spent auto-exploring this place.
 F = Levels seen in this place.
 G = Mean time per level.
                   A        B        C        D        E       F      G
               +--------+--------+--------+--------+--------+-----+--------+
         Total |   6702 |   6563 |    139 |      0 |      0 |  18 |  372.3 |
       Dungeon |   3913 |   3805 |    108 |      0 |      0 |  10 |  391.3 |
        Temple |     17 |     17 |      0 |      0 |      0 |   1 |   17.0 |
          Lair |   2460 |   2429 |     31 |      0 |      0 |   6 |  410.0 |
      Gauntlet |    310 |    310 |      0 |      0 |      0 |   1 |  310.0 |
               +--------+--------+--------+--------+--------+-----+--------+

Top non-repeatable levels by time:
  Lair:5: 702 daAuts
     D:9: 611 daAuts
     D:5: 581 daAuts
  Lair:4: 571 daAuts
     D:8: 503 daAuts
  Lair:2: 482 daAuts
     D:7: 480 daAuts
     D:6: 399 daAuts
  Lair:3: 389 daAuts
     D:1: 375 daAuts
     D:2: 368 daAuts
Gauntlet: 310 daAuts
     D:3: 304 daAuts
  Lair:1: 271 daAuts
     D:4: 206 daAuts
